 Dungeon Crawl Stone Soup version 0.28.0-53-g5a82cb258f (webtiles) character file.

Game seed: 2954487597630319729

144 Sin92 the Magician (level 5, 0/37 HPs)
             Began as a Demonspawn Hedge Wizard on July 15, 2022.
             Killed from afar by Natasha (5 damage)
             ... with a magic dart
             ... on level 2 of the Dungeon.
             The game lasted 00:04:59 (3113 turns).

Sin92 the Magician (Demonspawn Hedge Wizard)        Turns: 3113, Time: 00:04:59

Health: 0/37       AC:  3    Str: 11    XL:     5   Next: 5%
Magic:  5/10       EV: 12    Int: 15    God:
Gold:   62         SH:  4    Dex: 14    Spells: 9/10 levels left

rFire   . . .      SeeInvis .   a - +0 dagger
rCold   . . .      Faith    .   (no shield)
rNeg    . . .      Spirit   .   b - +0 robe
rPois   .          Reflect  .   c - +0 hat
rElec   +          Harm     .   d - +0 cloak
rCorr   .          Rampage  .   (no gloves)
Will    ++...                   (no boots)
Stlth   ++........              (no amulet)
HPRegen 0.12/turn               (no ring)
MPRegen 0.12/turn               (no ring)

@: no status effects
A: large bone plates 1, demonic guardian 1, strong-willed 2, electricity
resistance
a: no special abilities


You were on level 2 of the Dungeon.
You visited 1 branch of the dungeon, and saw 2 of its levels.

You collected 62 gold pieces.

Inventory:

Hand Weapons
 a - a +0 dagger (weapon)
Armour
 b - a +0 robe (worn)
 c - a +0 hat (worn)
 d - a +0 cloak (worn)


   Skills:
 + Level 1.2 Fighting
 * Level 2.1 Short Blades
 + Level 2.3 Dodging
 + Level 2.4 Stealth
 + Level 3.3 Spellcasting
 + Level 2.0 Conjurations
 - Level 1.0 Summonings
 + Level 1.5 Translocations


You had 9 spell levels left.
You knew the following spells:

 Your Spells              Type           Power      Damage    Failure   Level
a - Magic Dart            Conj           32%        1d4       9%          1

Your spell library contained the following spells:

 Spells                   Type           Power      Damage    Failure   Level
 Blink                    Tloc           14%        N/A       16%         2
 Slow                     Hex            8%         N/A       19%         1
 Call Imp                 Summ           5%         N/A       19%         2
 Conjure Flame            Conj/Fire      5%         6-21      36%         3
 Mephitic Cloud           Conj/Pois/Air  4%         N/A       41%         3


Dungeon Overview and Level Annotations

Branches:
Dungeon (2/15)

Altars:

Annotations:
D:2 Natasha


Innate Abilities, Weirdness & Mutations

You are partially covered in large bone plates. (SH +4)
A weak demonic guardian rushes to your aid.
You are highly strong-willed. (Will++)
You are resistant to electric shocks. (rElec)


Message History

The magic dart hits Natasha but does no damage.
Natasha is severely wounded.
The white imp gestures at you. The puff of frost hits you!
* * * LOW HITPOINT WARNING * * *
A demonic guardian appears!
Natasha barely misses you.
Aiming: Magic Dart (safe; 9% risk of failure)
Press: ? - help, Q - select action Shift-Dir - straight line, f/p - Natasha
Aim: Natasha (severely wounded, 100% to hit)
The magic dart hits Natasha.
Natasha is severely wounded.
The white imp closely misses you. Natasha closely misses you.
Your shadow imp barely misses the white imp.
The white imp gestures at you. The puff of frost misses you.
Your shadow imp hits the white imp.
You closely miss Natasha.
Natasha is severely wounded.
The white imp barely misses you. Natasha misses you.
You aren't carrying any potions.
You aren't carrying any scrolls.
You aren't carrying any pieces of jewellery.
Aiming: Magic Dart (safe; 9% risk of failure)
Press: ? - help, Q - select action Shift-Dir - straight line, f/p - Natasha
Aim: Natasha (severely wounded, 100% to hit)
The magic dart hits Natasha.
Natasha is severely wounded.
Your shadow imp hits the white imp but does no damage.
The white imp completely misses you.
Natasha growls.
Natasha barely misses you.
Aiming: Magic Dart (safe; 9% risk of failure)
Press: ? - help, Q - select action Shift-Dir - straight line, f/p - Natasha
Aim: Natasha (severely wounded, 100% to hit)
The magic dart hits Natasha.
Natasha is almost dead.
Your shadow imp barely misses the white imp.
The white imp hits you but does no damage.
Natasha casts a spell at you. The magic dart hits you.
You die...

......#..##....#######
......................
.#######....†..#######
........######.#
.÷......######.# #
........#......#### ##.#
........#.##....5.# .....
........#.##.....5##......
........#.##....@h'.....#
........#.##......###...#
.....##.#..'......'. .#
.....##.####......###
.....##.# ###.####
.....##.# #.# .....##.###
#. †....#....# #.
)....#..#.#


You could see Natasha, a white imp (summoned, ally target) and a friendly shadow
imp (summoned).

Vanquished Creatures
  Natasha (D:2)
  2 adders (D:2)
  2 dart slugs
  A worm (D:2)
  2 bats
  An endoplasm (D:1)
  2 giant cockroaches (D:1)
  2 goblins
  4 hobgoblins
  4 jackals (D:1)
  3 kobolds
  3 quokkas (D:1)
  7 ball pythons (D:1)
  4 frilled lizards
  5 rats
43 creatures vanquished.

Vanquished Creatures (collateral kills)
  Jessica (D:2)
  Natasha (D:2)
  A worm (D:2)
3 creatures vanquished.

Grand Total: 46 creatures vanquished

Notes
Turn   | Place    | Note
-------+----------+-------------------------------------------
     0 | D:1      | Sin92 the Demonspawn Hedge Wizard began the quest for the
                  | Orb.
     0 | D:1      | Reached XP level 1. HP: 13/13 MP: 4/4
   282 | D:1      | Reached skill level 1 in Translocations
   314 | D:1      | Gained mutation: You are partially covered in large bone
                  | plates. (SH +4) [demonic ancestry]
   314 | D:1      | Reached XP level 2. HP: 16/19 MP: 1/6
   754 | D:1      | Reached skill level 1 in Short Blades
  1198 | D:1      | Reached XP level 3. HP: 23/25 MP: 1/7
  2004 | D:2      | Found a faded altar of an unknown god.
  2032 | D:2      | Noticed Natasha
  2047 | D:2      | Gained mutation: Your body sometimes deteriorates upon
                  | taking damage. [potion of mutation]
  2048 | D:2      | Lost mutation: Your body sometimes deteriorates upon taking
                  | damage. [potion of mutation]
  2048 | D:2      | Gained mutation: You are strong-willed. (Will+) [potion of
                  | mutation]
  2048 | D:2      | Gained mutation: You are highly strong-willed. (Will++)
                  | [potion of mutation]
  2048 | D:2      | Gained mutation: You are resistant to electric shocks.
                  | (rElec) [potion of mutation]
  2062 | D:2      | Killed Natasha
  2063 | D:2      | Gained mutation: A weak demonic guardian rushes to your
                  | aid. [demonic ancestry]
  2063 | D:2      | Reached XP level 4. HP: 17/31 MP: 0/8
  2548 | D:2      | Reached skill level 1 in Fighting
  2795 | D:2      | Noticed Jessica
  2809 | D:2      | Killed Jessica
  2835 | D:2      | Noticed Natasha
  2851 | D:2      | Killed Natasha
  2852 | D:2      | Reached XP level 5. HP: 11/37 MP: 0/10
  3097 | D:2      | Noticed Natasha
  3113 | D:2      | Killed from afar by Natasha

Illustrated notes

Levels and vault maps discovered:
D:1:      scummos_arrival_forest, layout_loops_ring, chequers_arboretum
D:2:      layout_basic, dreamdust_ecumenical_altar_hidden_monk_grotto,
          uniq_natasha, uniq_jessica

Skill      XL: |  1  2  3  4 |
---------------+-------------+-----
Translocations | 1 |  1.5
Stealth        | 2 |  2.4
Short Blades   | 1 2 |  2.1
Dodging        | 2 |  2.3
Fighting       | 1 |  1.2
Conjurations   | 2 |  2.0
Spellcasting   | |  3.3
Summonings     | |  1.0

Action                   |  1- 3 |  4- 6 || total
-------------------------+-------+-------++-------
Melee: Dagger            |   109 |    49 ||   158
       Punch             |     2 |       ||     2
 Cast: Magic Dart        |    55 |    35 ||    90
  Use: Potion            |     3 |       ||     3
       Scroll            |     1 |       ||     1
 Stab: Sleeping          |     1 |       ||     1
Armor: Robe              |    28 |     4 ||    32
Dodge: Dodged            |    84 |    26 ||   110
Block: Other             |    14 |     7 ||    21
